 Dungeon Crawl Stone Soup version 0.22-a0-373-gab1296c (webtiles) character file.

251 ohad the Slasher (level 5, -2/38 HPs)
             Began as a Demonspawn Gladiator on Apr 25, 2018.
             Slain by RoseArtemis's ghost (14 damage)
             ... on level 3 of the Dungeon.
             The game lasted 00:05:53 (2824 turns).

ohad the Slasher (Demonspawn Gladiator)             Turns: 2824, Time: 00:05:54

Health: -2/38      AC: 11    Str: 14    XL:     5   Next: 88%
Magic:  0/5        EV:  7    Int: 10    God:
Gold:   111        SH:  0    Dex: 15    Spells: 4/4 levels left

rFire    . . .     SeeInvis .   p - +0 scimitar
rCold    . . .     Gourm    +   (no shield)
rNeg     . . .     Faith    .   g - +0 chain mail
rPois    .         Spirit   +   c - +1 helmet
rElec    .         Reflect  .   (no cloak)
rCorr    .         Harm     .   (no gloves)
MR       .....                  (no boots)
Stlth    ..........             h - amulet of the gourmand
HPRegen  0.12/turn              (no ring)
MPRegen  0.09/turn              (no ring)

@: about to teleport
A: demonic guardian 1, magic shield
a: no special abilities


You were on level 3 of the Dungeon.
You were completely stuffed.

You visited 1 branch of the dungeon, and saw 3 of its levels.

You collected 111 gold pieces.

Inventory:

Hand Weapons
 a - a +0 long sword
 o - a cursed -2 flail
 p - a +0 scimitar (weapon)
Missiles
 d - 3 throwing nets (quivered)
Armour
 b - a +0 leather armour
 c - a +1 helmet (worn)
 g - a +0 chain mail (worn)
 s - a +0 scale mail
Jewellery
 h - an amulet of the gourmand (around neck)
 w - an uncursed ring of ice
 z - an uncursed ring of fire
Wands
 q - a wand of acid (9)
 r - a wand of disintegration (18)
 x - a wand of enslavement (10)
Scrolls
 i - 2 scrolls of fog
Potions
 j - 2 potions of brilliance
 u - 4 potions of might {unknown}
Comestibles
 f - 2 rations


   Skills:
 - Level 2.0 Fighting
 + Level 5.0 Long Blades
 - Level 1.7 Throwing
 - Level 3.1 Armour
 - Level 2.6 Dodging


You had 4 spell levels left.
You didn't know any spells.

Dungeon Overview and Level Annotations

Branches:
Dungeon (3/15)

Altars:

Annotations:
D:3 RoseArtemis's ghost, amateur TrFi


Innate Abilities, Weirdness & Mutations

A weak demonic guardian rushes to your aid.
When hurt, damage is shared between your health and your magic reserves.


Message History

You slash RoseArtemis's ghost!
RoseArtemis's ghost is moderately damaged.
Your quasit bites RoseArtemis's ghost but does no damage.
Your quasit barely misses RoseArtemis's ghost. x2
RoseArtemis's ghost hits you!
* * * LOW HITPOINT WARNING * * *
Unknown command.
Your quasit bites RoseArtemis's ghost but does no damage.
Your quasit claws RoseArtemis's ghost but does no damage.
Your quasit claws RoseArtemis's ghost.
Your quasit bites RoseArtemis's ghost but does no damage.
Your quasit closely misses RoseArtemis's ghost.
Your quasit claws RoseArtemis's ghost but does no damage.
Your quasit bites RoseArtemis's ghost but does no damage.
Your quasit claws RoseArtemis's ghost but does no damage. x2
As you read the scroll of teleportation, it crumbles to dust.
You feel strangely unstable.
Your quasit bites RoseArtemis's ghost.
Your quasit claws RoseArtemis's ghost but does no damage. x2
RoseArtemis's ghost hits you!
You die...

......................
############[....#.###
..........÷.)..###.##
##############......#
...........<#.......#
#############†#.....#
#=##.5..# #.##W...#
#.##@...#
#.###)>#######
#....)).......
##############


You could see RoseArtemis's ghost and a friendly quasit.

Vanquished Creatures
  An orc priest (D:3)
  7 adders
  3 gnolls
  An ooze (D:3)
  2 worms
  5 dart slugs
  A leopard gecko (D:1)
  10 orcs (D:3)
  4 bats
  2 giant cockroaches
  4 goblins (D:1)
  4 hobgoblins
  6 jackals
  3 frilled lizards
  6 kobolds
  6 rats
65 creatures vanquished.

Vanquished Creatures (collateral kills)
  Ijyb (D:3)
  Terence (D:2)
  An adder (D:2)
  3 orcs (D:3)
  A goblin (D:2)
  A kobold (D:3)
  A rat (D:2)
9 creatures vanquished.

Vanquished Creatures (others)
  10 toadstools (D:3)
10 creatures vanquished.

Grand Total: 84 creatures vanquished

Notes
Turn   | Place    | Note
-------+----------+-------------------------------------------
     0 | D:1      | ohad the Demonspawn Gladiator began the quest for the Orb.
     0 | D:1      | Reached XP level 1. HP: 16/16 MP: 1/1
    51 | D:1      | Reached skill level 3 in Long Blades
    62 | D:1      | Gained mutation: A weak demonic guardian rushes to your aid. [demonic ancestry]
    62 | D:1      | Reached XP level 2. HP: 20/22 MP: 2/2
   232 | D:1      | Reached skill level 1 in Armour
   730 | D:1      | Reached XP level 3. HP: 27/27 MP: 3/3
  1398 | D:2      | Reached XP level 4. HP: 24/33 MP: 4/4
  1842 | D:2      | Noticed Terence
  1855 | D:2      | Killed Terence
  1976 | D:2      | Reached skill level 4 in Long Blades
  1976 | D:2      | Gained mutation: When hurt, damage is shared between your health and your magic reserves. [demonic ancestry]
  1976 | D:2      | Reached XP level 5. HP: 38/38 MP: 5/5
  2206 | D:3      | Noticed Ijyb
  2220 | D:3      | Killed Ijyb
  2769 | D:3      | Reached skill level 5 in Long Blades
  2816 | D:3      | Noticed RoseArtemis's ghost (amateur TrFi)
  2824 | D:3      | Slain by RoseArtemis's ghost

Vault maps used:
D:1:      shiori_arrival_oz
D:2:      minmay_misc_feat_hallway, serial_park_tiny_2, uniq_terence
D:3:      tgw_fedhas, uniq_ijyb

Skill      XL: |  1  2  3  4  5 |
---------------+----------------+-----
Long Blades    | 3 4 5 |  5.0
Armour         | 1 2 3 |  3.1
Fighting       | |  2.0
Throwing       | |  1.7
Dodging        | |  2.6

Action                   |  1- 3 |  4- 6 || total
-------------------------+-------+-------++-------
Melee: Long sword        |    78 |       ||    78
       Scimitar          |    33 |   113 ||   146
  Use: Scroll            |       |     8 ||     8
 Stab: Distracted        |       |     1 ||     1
  Eat: Chunk             |    12 |     5 ||    17
Armor: Chain mail        |   116 |    77 ||   193
Dodge: Dodged            |    59 |    37 ||    96
       Rpst.: Long sword |    10 |       ||    10
       Scimitar          |     6 |    11 ||    17

Table legend:
 A = Spawn XP
 B = Non-spawn XP
 C = Spawn XP percentage of total XP
 D = Spawn monster count
 E = Non-spawn monster count
 F = Spawn count percentage of total count
 G = Total turns spent on level
                    A         B        C        D         E        F      G
               +---------+---------+-------+---------+---------+-------+---------
         Total |       0 |     359 |   0.0 |       0 |      74 |   0.0 |  2824
               +---------+---------+-------+---------+---------+-------+---------
           D:1 |       0 |      70 |   0.0 |       0 |      22 |   0.0 |  1086
           D:2 |       0 |     144 |   0.0 |       0 |      27 |   0.0 |  1072
           D:3 |       0 |     145 |   0.0 |       0 |      25 |   0.0 |   666
               +---------+---------+-------+---------+---------+-------+---------
